 Dungeon Crawl Stone Soup version 0.25.1-2-g60ff931df9 (webtiles) character file.

Game seed: 6071131234435420550

659 Cykl0x the Shield-Bearer (level 7, 0/54 HPs)
             Began as a Formicid Fighter on Nov 19, 2020.
             Slain by an orc
             ... wielding a +0 hand axe
              (5 damage)
             ... on level 4 of the Dungeon.
             The game lasted 00:07:19 (3975 turns).

Cykl0x the Shield-Bearer (Formicid Fighter)         Turns: 3975, Time: 00:07:19

Health: 0/54       AC:  8    Str: 23    XL:     7   Next: 86%
Magic:  7/7        EV:  7    Int:  7    God:
Gold:   200        SH: 16    Dex: 10    Spells: 6/6 levels left

rFire    . . .     SeeInvis +   a - +0 long sword
rCold    . . .     Gourm    .   g - +1 tower shield
rNeg     . . .     Faith    .   b - +0 scale mail
rPois    .         Spirit   .   (helmet unavailable)
rElec    .         Reflect  .   (no cloak)
rCorr    .         Harm     .   (no gloves)
MR       .....                  q - +0 pair of boots
Stlth    ..........             (no amulet)
HPRegen  0.18/turn              (no ring)
MPRegen  0.10/turn              (no ring)

@: mighty, very slow
A: permanent stasis, dig shafts and tunnels, four strong arms, antennae 3
a: Dig, Shaft Self


You were on level 4 of the Dungeon.
You were not hungry.

You visited 1 branch of the dungeon, and saw 4 of its levels.

You collected 200 gold pieces.

Inventory:

Hand Weapons
 a - a +0 long sword (weapon)
 w - a +2 dagger of electrocution
Missiles
 c - 7 boomerangs
 e - 165 stones (quivered)
 n - 7 javelins
Armour
 b - a +0 scale mail (worn)
 g - a +1 tower shield (worn)
 p - a scarf of harm
 q - a +0 pair of boots (worn)
Wands
 u - a wand of enslavement (11)
Scrolls
 l - 3 scrolls of remove curse
 m - a scroll of magic mapping
Potions
 h - a potion of ambrosia {unknown}
 i - a potion of mutation {unknown}
 j - a potion of resistance
 k - a potion of curing
 s - a potion of haste {unknown}
 t - a potion of magic {unknown}
 v - a potion of stabbing {unknown}
Comestibles
 f - 12 rations
 o - 3 chunks of flesh


   Skills:
 + Level 4.3 Fighting
 + Level 5.0 Long Blades
 + Level 1.0 Throwing
 + Level 4.8 Armour
 + Level 1.5 Dodging
 + Level 0.3 Stealth
 + Level 6.2 Shields


You had 6 spell levels left.
You didn't know any spells.
Your spell library was empty.

Dungeon Overview and Level Annotations

Branches:
Dungeon (4/15)
 Temple: D:4-7

Altars:


Innate Abilities, Weirdness & Mutations

You cannot be hasted, slowed, berserked, paralysed or teleported.
You can dig through walls and to a lower floor.
Your four strong arms can wield two-handed weapons with a shield.
You have a pair of large antennae on your head. (SInv)


Message History

You hear a splash. x2
You block the ogre's attack.
You slash the ogre!
The ogre is moderately wounded.
The ogre hits you with a +0 giant club!
* * * LOW HITPOINT WARNING * * *
You slash the ogre!
The ogre is almost dead.
The ogre hits you with a +0 giant club.
* * * LOW HITPOINT WARNING * * *
You slice the ogre!!
You kill the ogre!
You hear a splash.
Your Long Blades skill increases to level 5!
Your unstable footing causes you to fumble your attack.
The orc hits you but does no damage.
The orc splashes around in the water.
You hit the orc.
The orc is severely wounded.
The orc hits you with a +0 hand axe.
You die...

≈≈≈≈≈≈≈≈.≈≈≈≈≈≈≈≈#
≈≈≈≈≈≈≈...≈≈≈≈≈≈≈##
..≈≈≈≈≈≈.<.≈≈≈≈≈≈..# ###
#≈#≈≈≈≈≈...≈≈≈≈≈≈≈.##>.#
≈≈≈≈≈≈#≈.≈≈≈≈#≈#≈......
##≈≈≈≈#≈.≈≈≈≈≈≈≈#......
###.≈≈≈≈(≈..≈≈≈≈≈.#......
#...≈≈#≈≈...≈##≈≈........
....$≈≈≈@≈≈≈≈≈≈#.........
..#.#.o≈≈≈≈≈≈.#........#
#..#.≈≈.≈≈....÷......#
#.###...##...........#
#.......###..........#
#.?.................##
##.........†...#...##
#.......†.).####...#
##..##..%)....#....#


You could see an orc.

Vanquished Creatures
  Sigmund (D:2)
  The ghost of gareth1b the Shield-Bearer, an amateur GnFi (D:3)
  An ogre (D:4)
  A scorpion (D:4)
  A bullfrog skeleton (D:4)
  Ijyb (D:3)
  An orc wizard (D:4)
  7 adders
  An adder skeleton (D:3)
  2 worms (D:2)
  9 dart slugs
  A leopard gecko (D:2)
  7 orcs
  6 giant cockroaches
  23 goblins
  5 hobgoblins
  6 jackals
  8 kobolds
  A quokka (D:2)
  A ball python (D:4)
  12 bats
  9 frilled lizards
  13 rats
118 creatures vanquished.

Notes
Turn   | Place    | Note
-------+----------+-------------------------------------------
     0 | D:1      | Cykl0x the Formicid Fighter began the quest for the Orb.
     0 | D:1      | Reached XP level 1. HP: 18/18 MP: 1/1
   287 | D:1      | Reached XP level 2. HP: 24/24 MP: 2/2
   375 | D:1      | Reached skill level 4 in Shields
   569 | D:1      | Reached XP level 3. HP: 26/29 MP: 3/3
  1203 | D:2      | Reached XP level 4. HP: 15/35 MP: 4/4
  1450 | D:2      | Noticed Sigmund
  1461 | D:2      | Killed Sigmund
  1461 | D:2      | Reached skill level 5 in Shields
  1461 | D:2      | Reached XP level 5. HP: 25/42 MP: 5/5
  1461 | D:2      | Reached XP level 6. HP: 28/48 MP: 6/6
  2753 | D:3      | Reached skill level 1 in Dodging
  3009 | D:3      | Found a transporter.
  3009 | D:3      | Noticed gareth1b's ghost (amateur GnFi)
  3014 | D:3      | Found a transporter.
  3045 | D:3      | Killed gareth1b's ghost
  3045 | D:3      | Reached XP level 7. HP: 27/54 MP: 7/7
  3561 | D:3      | Noticed Ijyb
  3583 | D:3      | Killed Ijyb
  3928 | D:4      | Reached skill level 1 in Throwing
  3950 | D:4      | Reached skill level 6 in Shields
  3973 | D:4      | Reached skill level 5 in Long Blades
  3975 | D:4      | Slain by an orc

Illustrated notes

Levels and vault maps discovered:
D:1:      dpeg_arrival_simpleton_a, layout_basic, due_unseen_surprise
D:2:      minmay_alternating_diamond, layout_basic, uniq_sigmund
D:3:      kennysheep_the_goblin_king, layout_basic, first_ration,
          gammafunk_ghost_arena
D:4:      kennysheep_slugbush, layout_cave_pools, uniq_natasha, uniq_robin

Skill      XL: |  1  2  3  4  5  6  7 |
---------------+----------------------+-----
Shields        | 4 5 6 |  6.2
Long Blades    | 3 4 5 |  5.0
Armour         | 4 |  4.8
Fighting       | 4 |  4.3
Dodging        | 1 |  1.5
Throwing       | 1 |  1.0
Stealth        | |  0.3

Action                   |  1- 3 |  4- 6 |  7- 9 || total
-------------------------+-------+-------+-------++-------
Melee: Long sword        |   116 |   188 |   131 ||   435
Throw: Stone             |    26 |    30 |    24 ||    80
 Abil: Dig               |     1 |     1 |     1 ||     3
  Use: Scroll            |     5 |     1 |     4 ||    10
       Potion            |       |     4 |     2 ||     6
  Eat: Chunk             |     1 |     7 |     3 ||    11
Armor: Scale mail        |    64 |    61 |    55 ||   180
Dodge: Dodged            |    36 |    50 |    30 ||   116
Block: Tower shield      |   129 |   201 |   129 ||   459
       Rpst.: Long sword |    14 |    20 |     6 ||    40
